 Seeded DCSS version 0.30.1-11-g7821555f0a (webtiles) character file.

Game seed: 430007637681659361 (custom seed)

127 strifetoe the Chopper (level 4, 39/39 HPs)
             Began as a Minotaur Fighter on Nov 9, 2023.
             Was a Follower of Sif Muna.
             Quit the game on level 1 of the Dungeon.
             The game lasted 00:03:19 (1328 turns).

strifetoe the Chopper (Minotaur Fighter)            Turns: 1328, Time: 00:03:20

Health: 39/39      AC:  6    Str: 22    XL:     4   Next: 85%
Magic:  3/3        EV:  8    Int:  5    God:    Sif Muna [*.....]
Gold:   1119       SH: 10    Dex: 10    Spells: 3/3 levels left

rFire   + + +        r - +4 quick blade (elec)
rCold   + . .        p - +2 shield of Resistance {rF++ rC++ Will++}
rNeg    . . .        b - +0 scale mail
rPois   .            (helmet restricted)
rElec   .            (no cloak)
rCorr   .            (no gloves)
SInv    .            (no boots)
Will    ++...        (no amulet) Stlth
                     s - ring of Siss {Fire +Blink}
HPRegen 0.26/turn    (no ring)
MPRegen 0.08/turn

%: no passive effects
@: no status effects
A: horns 2, retaliatory headbutt
a: Renounce Religion, Evoke Blink, Channel Magic


You were on level 1 of the Dungeon.
You worshipped Sif Muna.
Sif Muna was aware of your devotion.
You visited 1 branch of the dungeon, and saw 3 of its levels.

You collected 1119 gold pieces.

Inventory:

Hand Weapons
 a - a +0 war axe
 g - a +3 war axe
 o - a +0 hand axe of electrocution
 r - a +4 quick blade of electrocution (weapon)
Armour
 b - a +0 scale mail (worn)
 c - a +0 buckler
 p - the +2 shield of Resistance (worn) {rF++ rC++ Will++}
   (You acquired it on level 2 of the Dungeon)

   rF:        It greatly protects you from fire.
   rC:        It greatly protects you from cold.
   Will:      It greatly increases your willpower.
Jewellery
 k - a ring of flight
 s - the ring of Siss (left hand) {Fire +Blink}
   (You acquired it on level 2 of the Dungeon)

   [ring of fire]

   It enhances your fire magic.
   rF:        It protects you from fire.
   rC:        It makes you vulnerable to cold.
   +Blink:    It lets you blink.
Wands
 d - a wand of flame (24)
Scrolls
 e - 2 scrolls of noise {unknown}
 f - a scroll of vulnerability {unknown}
 i - a scroll of identify {unknown}
 j - a scroll of brand weapon {unknown}
 m - a scroll of fear {unknown}
 t - a scroll of amnesia {unknown}
 u - a scroll of blinking {unknown}
Potions
 h - 2 potions of curing {unknown}
 l - a potion of cancellation {unknown}
 n - a potion of ambrosia {unknown}
 q - a potion of attraction {unknown}


   Skills:
 - Level 3.6 Fighting
 + Level 2.0 Short Blades
 - Level 5.6 Axes
 - Level 3.6 Armour
 - Level 3.6 Shields


You had 3 spell levels left.
You didn't know any spells.
Your spell library contained the following spells:

 Spells                   Type           Power      Damage    Failure   Level
 Sandblast                Erth           0%         2d4       97%         1
 Passwall                 Tmut/Erth      0%         N/A       99%         2
 Stone Arrow              Conj/Erth      0%         3d7       100%        3


Dungeon Overview and Level Annotations

Branches:
Dungeon (3/15)

Altars:
Kikubaaqudgha
Sif Muna


Innate Abilities, Weirdness & Mutations

You have a pair of horns on your head.
You reflexively headbutt those who attack you in melee.


Message History

No target in view!
No target in view!
No target in view!
HP restored.
u - a scroll labelled VOPAIC XEKUP
Found a stone staircase leading down.
h - 2 viscous brown potions (gained 1)
A giant cockroach comes into view.
A giant cockroach is nearby!
You hit the giant cockroach.
The giant cockroach is heavily wounded.
The giant cockroach bites you.
You closely miss the giant cockroach. You headbutt the giant cockroach.
The giant cockroach is severely wounded.
The giant cockroach barely misses you.
You hit the giant cockroach.
You kill the giant cockroach!
Sif Muna accepts your kill.
No target in view!
No target in view!
No target in view!
No target in view!
No target in view!
No target in view!
Your movement speed is average.
Your attack delay is about 0.7 (and is slowed by your shield).
Your damage rating with your +4 quick blade of electrocution is about 8 (Base 4 x 100% (Dex) x 110% (Skill) + 4 (Ench)).
You open the door.
There is an open door here.
There is an escape hatch in the ceiling here.
A mysterious force pulls you upwards. The hatch slams shut behind you.
There are no items here.
Okay, then.
(D) Dungeon
Where to? (Enter - D:3, ? - help)
What level of the Dungeon? (default 1, ? - help)
There is a stone staircase leading up here.
You climb upwards.
There is a stone staircase leading down here.
Are you sure you want to abandon this character and quit the game? (Confirm with "yes".)

#..........##.###.##.......#
#.#####.....#.# #)...#####.#
#.#####.......# ##########.#
#....##.....### #.......#
#######.......# #.#######
#.####).# #.###
######.####..######...#
######......##...........#.###
................@######..#...#
######...........# #.##.###
#.....#.....# #....# ##
#.....#.....# ###### .#
#.....#.....# .# #^....#####.#
.# #.....# #.# .# #.....# #.#
.# #.....# #.#


There were no monsters in sight!

Vanquished Creatures
  A hound (D:3)
  Terence (D:2)
  2 adders (D:2)
  A worm (D:3)
  A dart slug (D:1)
  2 endoplasms
  5 giant cockroaches
  3 goblins
  5 hobgoblins
  4 quokkas
  8 ball pythons
  10 bats
  A frilled lizard (D:1)
  A kobold (D:1)
  5 rats
50 creatures vanquished.

Notes
Turn   | Place    | Note
-------+----------+-------------------------------------------
     0 | D:1      | strifetoe the Minotaur Fighter began the quest for the Orb.
     0 | D:1      | Reached XP level 1. HP: 19/19 MP: 0/0
    95 | D:1      | Reached skill level 3 in Axes
   148 | D:1      | Reached XP level 2. HP: 26/26 MP: 1/1
   279 | D:1      | Reached skill level 4 in Axes
   480 | D:1      | Reached XP level 3. HP: 31/31 MP: 2/2
   664 | D:2      | Noticed Terence
   677 | D:2      | Killed Terence
   678 | D:2      | Reached skill level 5 in Axes
   678 | D:2      | Reached XP level 4. HP: 37/39 MP: 3/3
   844 | D:2      | Found a faded altar of an unknown god.
   853 | D:2      | Prayed at the altar of an unknown god.
   853 | D:2      | Became a worshipper of Sif Muna the Loreminder
   853 | D:2      | Reached * piety under Sif Muna
   912 | D:2      | Found an ancient bone altar of Kikubaaqudgha.
   984 | D:2      | Identified 4 scrolls of acquirement
   984 | D:2      | Acquired a +4 quick blade of electrocution
   986 | D:2      | Acquired 1044 gold pieces
   987 | D:2      | Acquired the +2 shield of Resistance {rF++ rC++ Will++}
   987 | D:2      | Found the +2 shield of Resistance {rF++ rC++ Will++}
   988 | D:2      | Acquired the ring of Siss {Fire +Blink}
  1131 | D:3      | Reached skill level 1 in Short Blades
  1328 | D:1      | Quit the game

Illustrated notes

Levels and vault maps discovered:
D:1:      wander_arrival_chamber, layout_basic, kennysheep_boxes
D:2:      layout_rooms, dilly_ecumenical_altar_fadedgnrine, basic_altar,
          uniq_terence
D:3:      layout_basic, mainiacjoe_overflow_swirl, jmf_multi_god_temple,
          minmay_puff

Skill      XL: |  1  2  3  4 |
---------------+-------------+-----
Axes           | 3 4 5 |  5.6
Short Blades   | 2 |  2.0
Fighting       | |  3.6
Armour         | |  3.6
Shields        | |  3.6

Action                     |  1- 3 |  4- 6 || total
---------------------------+-------+-------++-------
  Melee: War axe           |    55 |    14 ||    69
         Headbutt          |     7 |     4 ||    11
         Quick blade       |       |    16 ||    16
    Use: Potion            |     1 |       ||     1
         Scroll            |       |     4 ||     4
 Armour: Scale mail        |    30 |    17 ||    47
  Dodge: Dodged            |    17 |    12 ||    29
  Block: Buckler           |     9 |     4 ||    13
         Kite shield       |       |     5 ||     5
